 Dungeon Sprint DCSS version 0.23.1 (webtiles) character file.

Game seed: 4080703908244131701

186 Fang the Skirmisher (level 5, 0/55 HPs)
             Began as a Gargoyle Berserker on Mar 18, 2019.
             Was a Priest of Trog.
             Slain by an adder (4 damage)
             ... in the Dungeon (Sprint VII: "The Pits").
             The game lasted 00:00:51 (162 turns).

Fang the Skirmisher (Gargoyle Berserker)             Turns: 162, Time: 00:00:52

Health: 0/55       AC:  6    Str: 27    XL:     5   Next: 66%
Magic:  5/5        EV: 13    Int:  7    God:    Trog [***...]
Gold:   0          SH:  0    Dex:  9    Spells: 4/4 levels left

rFire    . . .     SeeInvis .   j - +2 hand axe
rCold    . . .     Gourm    .   (no shield)
rNeg     + . .     Faith    .   b - +0 animal skin
rPois    ∞         Spirit   .   (no helmet)
rElec    +         Reflect  .   (no cloak)
rCorr    .         Harm     .   (no gloves)
MR       .....     NoTele   +   (no boots)
Stlth    ..........             (no amulet)
HPRegen  0.18/turn              (no ring)
MPRegen  0.09/turn              (no ring)

@: berserking, very quick
A: negative energy resistance 1, electricity resistance, unbreathing,
petrification resistance, rot immunity, AC +4
a: Berserk, Trog's Hand, Renounce Religion


You were in the Dungeon.
You worshipped Trog.
Trog was most pleased with you.
You were not hungry.

You visited 1 branch

Inventory:

Hand Weapons
 j - a +2 hand axe (weapon)
Armour
 b - a +0 animal skin (worn)
Scrolls
 i - a scroll of blinking
 k - 3 scrolls of remove curse
 l - a scroll of summoning
Potions
 a - 2 potions of invisibility
 d - a potion of curing
 e - a potion of heal wounds
 f - a potion of haste
 g - 4 potions of magic
 h - 3 potions of berserk rage
Comestibles
 c - 9 rations
 m - 2 chunks of flesh


   Skills:
 + Level 6.9 Fighting
 + Level 5.7 Axes
 + Level 6.4 Armour
 + Level 4.8 Dodging


You had 4 spell levels left.
You didn't know any spells.
Your spell library was empty.

Dungeon Overview and Level Annotations

Branches:
Dungeon (1/1)

Altars:


Innate Abilities, Weirdness & Mutations

You are resistant to torment.
Your stone body is resilient. (AC +4)
You are immune to poison.
You resist negative energy. (rN+)
You are resistant to electric shocks. (rElec)
You can survive without breathing.
You are immune to petrification.
You are immune to rotting.


Message History

* * * LOW HITPOINT WARNING * * *
You barely miss the big kobold.
The big kobold is heavily wounded.
You miss the adder. The adder misses you.
The big kobold hits you but does no damage.
You barely miss the big kobold.
The big kobold is heavily wounded.
You closely miss the adder. The adder barely misses you.
The big kobold hits you but does no damage.
You slash the big kobold!
The big kobold is almost dead.
You slash the adder! The adder closely misses you.
The big kobold hits you but does no damage.
You slash the big kobold!
You kill the big kobold!
Trog accepts your kill.
Your Armour skill increases to level 6!
You barely miss the adder. The adder barely misses you. The adder bites you.
You die...

#...........'..........
#+#####'#####......#..#
#..#..# #..........
#..÷..# ####'#####+
#..#### #.......#
#..#..# #.......#
#.)#..# #.......#
##'#S.#+###...<...#
#...@....##.......#
#...†....##.......#
###########.......#
#########


You could see an adder.

Vanquished Creatures
  A floating eye (D)
  A big kobold (D)
  An adder (D)
  A bat skeleton (D)
  A goblin (D)
  A quokka (D)
  2 frilled lizards (D)
  A jackal skeleton (D)
9 creatures vanquished.

Notes
Turn   | Place    | Note
-------+----------+-------------------------------------------
     0 | D        | Fang the Gargoyle Berserker began the quest for the Orb.
     0 | D        | Reached XP level 1. HP: 14/14 MP: 1/1
    60 | D        | Reached ** piety under Trog
   147 | D        | Noticed a floating eye
   148 | D        | Noticed a big kobold
   150 | D        | Paralysed by a floating eye for 4 turns
   155 | D        | Killed a floating eye
   155 | D        | Reached *** piety under Trog
   155 | D        | Reached skill level 5 in Armour
   155 | D        | Reached XP level 2. HP: 4/22 MP: 2/2
   155 | D        | Reached XP level 3. HP: 5/27 MP: 3/3
   155 | D        | Reached XP level 4. HP: 6/32 MP: 4/4
   155 | D        | Reached skill level 5 in Axes
   155 | D        | Reached XP level 5. HP: 6/36 MP: 5/5
   161 | D        | Killed a big kobold
   162 | D        | Slain by an adder

Skill      XL: |  1  2  3  4  5 |
---------------+----------------+-----
Axes           | 4 5 |  5.7
Dodging        | 4 |  4.8
Fighting       | 6 |  6.9
Armour         | 5 6 |  6.4

Action                   |  1- 3 |  4- 6 || total
-------------------------+-------+-------++-------
Melee: Hand axe          |    22 |     6 ||    28
Invok: Berserk           |     1 |       ||     1
Armor: Animal skin       |    12 |     2 ||    14
Dodge: Dodged            |    19 |     5 ||    24
